 Dungeon Crawl Stone Soup version 0.31-a0-4-gefa6de2278 (webtiles) character file.

Game seed: 12147900208502930624

91 subawu the Ruffian (level 4, 0/35 HPs)
             Began as a Draconian Transmuter on May 3, 2023.
             Slain by an orc
             ... wielding a +0 club
              (4 damage)
             ... on level 2 of the Dungeon on May 4, 2023.
             The game lasted 00:12:45 (2215 turns).

subawu the Ruffian (Draconian Transmuter)           Turns: 2215, Time: 00:12:46

Health: 0/35       AC:  6    Str: 11 (14) XL:     4   Next: 33%
Magic:  5/7        EV: 12    Int: 12 (13) God:
Gold:   67         SH:  0    Dex: 11 (12) Spells: 4/7 levels left

rFire   . . .        i - +0 spear
rCold   . . .        (no shield)
rNeg    . . .        (body armour unavailable)
rPois   .            f - +0 hat
rElec   .            (no cloak)
rCorr   .            h - +0 pair of gloves
SInv    +            (no boots)
Will    .....        (no amulet)
Stlth   +            q - ring of see invisible
HPRegen 0.25/turn    (no ring)
MPRegen 0.10/turn

%: no passive effects
@: wereblooded, slowed, very slow
A: AC +5, unfitting armour, cold-blooded
a: no special abilities


You were on level 2 of the Dungeon.
You visited 1 branch of the dungeon, and saw 2 of its levels.

You collected 67 gold pieces.

Inventory:

Hand Weapons
 b - a +0 dagger
 i - a +0 spear (weapon)
 l - a +0 club
 o - a +0 whip
Missiles
 e - 26 stones (quivered)
 n - 3 large rocks
Armour
 c - a +0 chain mail
 d - a +0 ring mail
 f - a +0 hat (worn)
 h - a +0 pair of gloves (worn)
 p - a +0 robe
Jewellery
 q - a ring of see invisible (left hand)
Wands
 g - a wand of roots (1)
Scrolls
 k - a scroll of magic mapping {unknown}
 r - a scroll of identify
Potions
 a - a potion of berserk rage {unknown}
 j - a potion of resistance {unknown}
 m - a potion of ambrosia


   Skills:
 + Level 1.4 Fighting
 + Level 1.3 Short Blades
 + Level 0.2 Polearms
 + Level 2.6 Dodging
 + Level 3.9 Unarmed Combat
 + Level 2.3 Spellcasting
 + Level 2.1 Transmutations


You had 4 spell levels left.
You knew the following spells:

 Your Spells              Type           Power      Damage    Failure   Level
a - Beastly Appendage     Tmut           12%        N/A       11%         1
b - Wereblood             Tmut           6%         N/A       17%         2

Your spell library contained the following spells:

 Spells                   Type           Power      Damage    Failure   Level
 Passwall                 Tmut/Erth      2%         N/A       26%         2
 Blink                    Tloc           2%         N/A       38%         2
 Ensorcelled Hibernation  Hex/Ice        2%         N/A       38%         2
 Spider Form              Tmut/Pois      3%         N/A       45%         3
 Swiftness                Air            1%         N/A       63%         3
 Ice Form                 Ice/Tmut       3%         N/A       86%         4
 Manifold Assault         Tloc           1%         N/A       95%         4
 Storm Form               Tmut/Air       1%         N/A       100%        7


Dungeon Overview and Level Annotations

Branches:
Dungeon (2/15)

Altars:

Shops:
D:1 =


Innate Abilities, Weirdness & Mutations

Your plain brown scales are hard. (AC +5)
You cannot fit into any form of body armour.
You are cold-blooded and may be slowed by cold attacks.


Message History

You open the door.
An endoplasm and an orc come into view.
Found 10 gold pieces.
The endoplasm quivers.
There is an open door here. 2 orcs come into view.
The orc shouts! x2
An orc comes into view. It is wielding a +0 flail.
The orc moves out of view.
The orc shouts!
Found a runed long sword.
The endoplasm freezes you.
You are frozen.
You feel yourself slow down. The orc hits you with a +0 dagger.
The endoplasm misses you.
You hit the orc but do no damage. The orc barely misses you.
The orc closely misses you. The endoplasm hits you.
The orc hits you but does no damage.
You closely miss the orc. The orc closely misses you.
The orc hits you but does no damage.
The endoplasm hits you but does no damage.
The orc hits you with a +0 dagger. The orc hits you with a +0 club.
The orc hits you with a +0 dagger. The orc misses you.
The endoplasm hits you but does no damage.
The orc hits you with a +0 club.
Casting: Wereblood (safe; 17% risk of failure)
Confirm with . or Enter, or press ? or * to list all spells.
Your blood is infused with primal strength.
You feel yourself speed up. The orc closely misses you. The orc misses you.
The endoplasm freezes you.
You are frozen.
The orc closely misses you. The orc hits you but does no damage.
You barely miss the orc. The orc hits you with a +0 club.
The orc hits you with a +0 flail.
* * * LOW HITPOINT WARNING * * *
The endoplasm freezes you.
You are frozen.
* * * LOW HITPOINT WARNING * * *
You feel yourself slow down. The orc hits you with a +0 club.
You die...

..##..........#
..##..........#...#
.)............#...######
..#...........#.........
..#...........#.........
..#...........#.........
..........###.#.........
##........# #.#ooo......
†.........###..o@......)
............'...J.......
##..####'####...##......
....###..#..............
##.###..##..............
....>..###..............
.#.#'### #......$..#####
#....# #...........
#....# ########....


You could see 4 orcs and an endoplasm.

Vanquished Creatures
  Jessica (D:2)
  An adder (D:2)
  2 worms (D:2)
  2 dart slugs
  3 endoplasms (D:1)
  6 goblins
  5 hobgoblins
  2 jackals (D:2)
  4 kobolds
  4 quokkas
  6 ball pythons
  2 bats (D:1)
  A frilled lizard (D:2)
  5 rats
44 creatures vanquished.

Notes
Turn   | Place    | Note
-------+----------+-------------------------------------------
     0 | D:1      | subawu the Draconian Transmuter began the quest for the
                  | Orb.
     0 | D:1      | Reached XP level 1. HP: 16/16 MP: 3/3
    10 | D:1      | Found Rich's Jewellery Shop.
   347 | D:1      | Reached XP level 2. HP: 21/23 MP: 5/5
   894 | D:1      | Reached XP level 3. HP: 16/28 MP: 6/6
  1442 | D:2      | Learned a level 2 spell: Wereblood
  1623 | D:2      | Noticed Jessica
  1651 | D:2      | Killed Jessica
  1652 | D:2      | Reached skill level 1 in Short Blades
  1652 | D:2      | Reached XP level 4. HP: 12/35 MP: 4/7
  2215 | D:2      | Slain by an orc

Illustrated notes

Levels and vault maps discovered:
D:1:      reono_arrival_forest_river, layout_loops_cross, serial_shops, shop,
          amcnicky_mini_pool_small, kennysheep_boxes
D:2:      layout_basic, uniq_jessica

Skill      XL: |  1  2  3 |
---------------+----------+-----
Dodging        | 2 |  2.6
Short Blades   | 1 |  1.3
Fighting       | |  1.4
Polearms       | |  0.2
Unarmed Combat | |  3.9
Spellcasting   | |  2.3
Transmutations | |  2.1

Action                     |  1- 3 |  4- 6 || total
---------------------------+-------+-------++-------
  Melee: Dagger            |   128 |       ||   128
         Unarmed           |     7 |       ||     7
         Tailslap          |    29 |     2 ||    31
         Punch             |     5 |       ||     5
         Spear             |    33 |    29 ||    62
   Cast: Wereblood         |       |     1 ||     1
    Use: Scroll            |     4 |       ||     4
         Potion            |     2 |     2 ||     4
 Armour: Skin              |    97 |    22 ||   119
  Dodge: Dodged            |   165 |    17 ||   182

Table legend: (Time is in decaauts)
 A = Elapsed time spent in this place.
 B = Non-inter-level travel time spent in this place.
 C = Inter-level travel time spent in this place.
 D = Time resting spent in this place.
 E = Time spent auto-exploring this place.
 F = Levels seen in this place.
 G = Mean time per level.
                   A        B        C        D        E       F      G
               +--------+--------+--------+--------+--------+-----+--------+
         Total |   2280 |   2119 |    161 |    417 |      0 |   2 | 1140.0 |
       Dungeon |   2280 |   2119 |    161 |    417 |      0 |   2 | 1140.0 |
               +--------+--------+--------+--------+--------+-----+--------+

Top non-repeatable levels by time:
     D:1: 1314 daAuts
     D:2: 965 daAuts
